 Dungeon Crawl Stone Soup version 0.19.0-18-g426998a (webtiles) character file.

88 MDvedh the Twirler (level 4, -2/23 HPs)
             Began as a Vine Stalker Gladiator on Nov 11, 2016.
             Slain by a kobold
             ... wielding a +0 short sword of electrocution
              (16 damage)
             ... on level 3 of the Dungeon.
             The game lasted 00:02:57 (1732 turns).

MDvedh the Twirler (Vine Stalker Gladiator)         Turns: 1732, Time: 00:02:58

Health: -2/23      AC: 10    Str: 19    XL:     4   Next: 54%
Magic:  0/5        EV:  8    Int:  8    God:
Gold:   165        SH:  0    Dex: 14    Spells: 0 memorised, 3 levels left

rFire  . . .     SeeInvis .     a - +1 quarterstaff
rCold  . . .     Gourm    .     m - +0 chain mail
rNeg   . . .     Faith    .     (shield currently unavailable)
rPois  .         Spirit   +     c - +0 helmet
rElec  .         Reflect  .     (no cloak)
rCorr  .         Harm     .     (no gloves)
MR     .....                    j - +0 pair of boots
Stlth  ..........               (no amulet)
                                (no ring)
                                (no ring)

@: no status effects
A: fangs 2, regeneration 1, magic shield, antimagic bite, no device heal 3, rot
immunity
a: no special abilities


You were on level 3 of the Dungeon.
You were not hungry.

You visited 1 branch of the dungeon, and saw 3 of its levels.

You collected 165 gold pieces.

Inventory:

Hand Weapons
 a - a +1 quarterstaff (weapon)
Missiles
 d - 3 throwing nets (quivered)
Armour
 c - a +0 helmet (worn)
 j - a +0 pair of boots (worn)
 m - a +0 chain mail (worn)
Jewellery
 g - an uncursed ring of positive energy {unknown}
Wands
 n - a wand of digging (4/24)
 w - a wand of confusion (14/48)
Scrolls
 b - a scroll of fear {unknown}
 l - a scroll of enchant weapon
Potions
 e - a potion of berserk rage {unknown}
 i - 2 potions of haste
 o - 2 potions of curing {unknown}
 p - a potion of cancellation {unknown}
 u - a potion of cure mutation {unknown}
Comestibles
 f - 4 bread rations
 h - a beef jerky
 k - 4 fruits
 t - 3 meat rations


   Skills:
 - Level 1.7 Fighting
 + Level 4.7 Staves
 - Level 1.7 Throwing
 - Level 2.4 Dodging


You had 3 spell levels left.
You didn't know any spells.

Dungeon Overview and Level Annotations

Branches:
Dungeon (3/15)

Altars:
Fedhas
The Shining One

Annotations:
D:3 1 runed door


Innate Abilities, Weirdness & Mutations

You have extremely sharp teeth.
Your natural rate of healing is unusually fast.
When hurt, damage is shared between your health and your magic reserves.
Your bite disrupts and absorbs the magic of your enemies.
Potions and wands cannot restore your health.
You are immune to rotting.


Message History

You see here a stone.
The kobold hits you with a short sword of electrocution.
You barely miss the kobold. Your bite misses the kobold.
The kobold hits you but does no damage.
You are electrocuted!
The kobold hits you but does no damage.
You are electrocuted!
* * * LOW HITPOINT WARNING * * *
You are too injured to fight recklessly!
You are too injured to fight recklessly!
You are too injured to fight recklessly!
Press: ? - help, v - describe, . - travel
Here: a kobold, wielding a short sword of electrocution The floor.
You closely miss the kobold. The kobold barely misses you.
You see here a stone.
You see here a stone.
You see here a stone.
You see here a stone.
The kobold hits you but does no damage.
You are electrocuted!
Ouch! That really hurt!
You die...

..............# #.....#
...#..........# ##...#####
..............# #.........
...#.........## #.#>######
..##.###+###.# ###.#.# #
#.##.# #.# #.#########.#.#.#
#
#.##.###.###.............#.#
#
#.##.###_..'.#########(#.#.#
#
#.##.###.###....@K...(...#.#
# #.##.# #.#
#.#########.###.# #
#....###'###.# #.# *,*#####
####.........# *#.#**.##....
#.......##...# *...,,.......
######.###..## *:##**.##.###
##.###.## *.****,*#.#..
#####...##.# *,**...*#.#.#
#......†...# *,**.#.##.#.#


You could see a kobold.

Vanquished Creatures
  3 adders
  An ooze (D:1)
  3 dart slugs
  2 leopard geckos
  4 giant cockroaches
  7 goblins
  5 hobgoblins
  2 jackals (D:2)
  6 kobolds
  2 ball pythons
  4 bats
  6 frilled lizards
  7 rats
52 creatures vanquished.

Notes
Turn   | Place    | Note
-------+----------+-------------------------------------------
     0 | D:1      | MDvedh the Vine Stalker Gladiator began the quest for the Orb.
     0 | D:1      | Reached XP level 1. HP: 11/11 MP: 2/2
    59 | D:1      | Reached skill level 3 in Staves
   106 | D:1      | Reached XP level 2. HP: 15/15 MP: 3/3
   755 | D:2      | Reached XP level 3. HP: 15/18 MP: 4/4
   936 | D:2      | Found a blossoming altar of Fedhas.
  1069 | D:2      | Reached skill level 4 in Staves
  1120 | D:2      | Gained mutation: Your natural rate of healing is unusually fast. [Vine Stalker growth]
  1120 | D:2      | Reached XP level 4. HP: 23/23 MP: 5/5
  1439 | D:3      | Found a glowing golden altar of the Shining One.
  1539 | D:3      | Found a runed door.
  1704 | D:3      | HP: 1/23 [kobold/short sword of electrocution (11)]
  1732 | D:3      | Slain by a kobold

Skill      XL: |  1  2  3 |
---------------+----------+-----
Staves         | 3 4 |  4.7
Fighting       | |  1.7
Throwing       | |  1.7
Dodging        | |  2.4

Action                   |  1- 3 |  4- 6 || total
-------------------------+-------+-------++-------
Melee: Quarterstaff      |    88 |    41 ||   129
       Bite              |    21 |     7 ||    28
Evoke: Wand              |       |     1 ||     1
  Use: Scroll            |       |     6 ||     6
  Eat: Chunk             |     1 |     2 ||     3
Armor: Leather armour    |     7 |       ||     7
       Chain mail        |    60 |    28 ||    88
Dodge: Dodged            |    58 |    16 ||    74
